cohdb
Replays
Latest Replays
All Replays
Popular Replays
Top Player Replays
Match Explorer
How It Works
Community
CoH3 Stats
Reddit
Sign in to upload your games and track your stats! →
Sign in with Steam
Match 42771101
Unlisted
Match 42771101
Overview
Messages
Build Orders
End
Kettenkrad Recon Vehicle
Construct Infanterie Kompanie
Selects Mechanized Battlegroup
MG 42 Machine Gun Team
GrW 34 Mortar Team
Grenadier Squad
MG 42 Bunker
Grenadier Squad
Infanterie Officer Quarters
Selects Raid Package
Construct Luftwaffe Kompanie
Pioneer Squad
MG 42 Machine Gun Team
Grenadier Squad
Support Elements
Flak 30 Anti-aircraft Gun Team
Selects StuG Assault Group
StuG Assault Group
Selects UNKNOWN (2160084)
Selects Mobile Repair Stations
Selects Stoßtruppen Assault Package
Grenadier Squad
Grenadier Squad
Selects Zeroing Artillery Barrage
Zeroing Artillery Barrage
Construct Panzer Kompanie
Gabriel Seth
Steiner
Lutic
Lt Ghost
mp5
Dawes
eye2112
Pixelarmy9
0
0
Comments
sign in to comment!
No comments posted yet!